 Dungeon Crawl Stone Soup version 0.29-a0-330-g52719c12eb (webtiles) character file.

Game seed: 14663882626427336173

217 Crownlay the Changer (level 5, 0/34 HPs)
             Began as an Octopode Transmuter on May 1, 2022.
             Slain by an ice beast (13 damage)
             ... on level 5 of the Dungeon.
             The game lasted 00:05:26 (3973 turns).

Crownlay the Changer (Octopode Transmuter)          Turns: 3973, Time: 00:05:27

Health: 0/34       AC:  1    Str:  9    XL:     5   Next: 94%
Magic:  9/9        EV: 13    Int: 18    God:
Gold:   181        SH:  0    Dex: 12    Spells: 5/9 levels left

rFire   . . .      SeeInvis .   e - +2 trident (venom)
rCold   . . .      Faith    .   (no shield)
rNeg    . . .      Spirit   .   (helmet restricted)
rPois   .          Reflect  .   (no amulet)
rElec   .          Harm     .   (no ring)
rCorr   .          Rampage  .   (no ring)
Will    .....                   (no ring)
Stlth   ++........              (no ring)
HPRegen 0.11/turn               (no ring)
MPRegen 0.11/turn               (no ring)
                                (no ring)
                                (no ring)

@: no status effects
A: almost no armour, amphibious, 8 rings, camouflage 1, gelatinous body 1,
(nimble swimmer 1), tentacles
a: no special abilities


You were on level 5 of the Dungeon.
You visited 1 branch of the dungeon, and saw 5 of its levels.

You collected 181 gold pieces.

Inventory:

Hand Weapons
 e - a +2 trident of venom (weapon)
Missiles
 r - 6 javelins
 t - 2 boomerangs (quivered)
Armour
 h - a +0 tower shield
Jewellery
 k - a ring of willpower
Wands
 v - a wand of digging (5)
Scrolls
 b - 2 scrolls of enchant armour {unknown}
 c - a scroll of noise {unknown}
 g - a scroll of silence {unknown}
 i - a scroll of summoning {unknown}
 j - 2 scrolls of amnesia {unknown}
 l - a scroll of enchant weapon {unknown}
 n - a scroll of fear {unknown}
 p - a scroll of brand weapon {unknown}
 q - a scroll of vulnerability {unknown}
 s - 2 scrolls of fog {unknown}
 u - 2 scrolls of teleportation {unknown}
Potions
 a - a potion of lignification
 d - 3 potions of degeneration {unknown}
 f - 3 potions of curing {unknown}
 m - a potion of attraction {unknown}
 o - 2 potions of resistance {unknown}
 w - a potion of cancellation {unknown}


   Skills:
 + Level 2.0 Fighting
 - Level 2.0 Dodging
 - Level 3.0 Unarmed Combat
 + Level 2.8 Spellcasting
 * Level 3.7 Transmutations
 + Level 0.9 Earth Magic
 * Level 3.6 Poison Magic


You had 5 spell levels left.
You knew the following spells:

 Your Spells              Type           Power      Damage    Failure   Level
a - Beastly Appendage     Tmut           32%        N/A       3%          1
b - Spider Form           Tmut/Pois      15%        N/A       11%         3

Your spell library contained the following spells:

 Spells                   Type           Power      Damage    Failure   Level
 Wereblood                Tmut           16%        N/A       5%          2
 Passwall                 Tmut/Erth      8%         N/A       10%         2
 Sandblast                Erth           10%        2d5       12%         1
 Apportation              Tloc           4%         N/A       17%         1
 Foxfire                  Conj/Fire      8%         2x1d4     17%         1
 Ensorcelled Hibernation  Hex/Ice        4%         N/A       26%         2
 Stone Arrow              Conj/Erth      8%         3d7       38%         3
 Conjure Flame            Conj/Fire      2%         6-21      45%         3
 Petrify                  Tmut/Erth      10%        N/A       54%         4
 Ice Form                 Ice/Tmut       9%         N/A       58%         4
 Alistair's Intoxication  Tmut/Pois      10%        N/A       71%         5
 Anguish                  Hex/Necr       1%         N/A       86%         4
 Borgnjor's Vile Clutch   Necr/Erth      2%         N/A       98%         5
 Metabolic Englaciation   Hex/Ice        1%         N/A       99%         5
 Statue Form              Tmut/Erth      6%         N/A       100%        6
 Shatter                  Erth           2%         3d6*      100%        9


Dungeon Overview and Level Annotations

Branches:
Dungeon (5/15)
 Temple: D:4-7

Altars:
Elyvilon
Nemelex Xobeh
Uskayaw
Yredelemnul
Zin
The Shining One

Shops:
D:1 !

Annotations:
D:3 1 runed translucent door


Innate Abilities, Weirdness & Mutations

You cannot wear most types of armour.
You are amphibious.
You can wear up to eight rings at the same time.
Your skin changes colour to match your surroundings (Stealth+).
Your rubbery body absorbs attacks. (AC +1, EV +1)
((You are camouflaged when in or above water. (Stealth+)))
You have tentacles for arms and can constrict up to eight enemies at once.


Message History

The orc barely misses you.
You puncture the orc!
You kill the orc!
The orc hits you with a +0 short sword.
You puncture the orc!
You kill the orc!
No target in view!
No target in view!
No target in view!
HP restored.
Found a trident.
Things that are here:
a +0 short sword; a +0 leather armour; an orc corpse
Things that are here:
a +0 flail; an orc corpse You open the door.
There is an open door here.
Found a stone staircase leading down.
An ice beast comes into view.
Okay, then.
Okay, then.
Okay, then.
Okay, then.
Okay, then.
Okay, then.
Welcome back, Crownlay the Octopode Transmuter.
Press ? for a list of commands and other information.
You reach to attack!
You puncture the ice beast!
The ice beast is moderately wounded.
The ice beast barely misses you.
You hit the ice beast but do no damage.
The ice beast is moderately wounded.
The ice beast closely misses you.
You barely miss the ice beast. Your squeeze misses the ice beast.
The ice beast is moderately wounded.
The ice beast hits you. The ice beast freezes you!
You closely miss the ice beast.
The ice beast is moderately wounded.
The ice beast hits you. The ice beast freezes you!
You die...

....#.....#
#####.....#
'.....#'###
#######.# #
#####)###### #
#....[)....# #
#..........# #+# #
#..........####.##.#
#
#..........'..@....+
#..........####Y.#.#
#..........# #.....
#..........# ##...##
#.......)..# .....
#..........# ......
..........# ..>....
.......... .......


You could see an ice beast.

Vanquished Creatures
  A black bear (D:4)
  4 adders (D:3)
  A white imp (D:3)
  3 dart slugs
  5 orcs
  4 endoplasms
  4 giant cockroaches
  7 goblins
  8 hobgoblins
  3 jackals (D:2)
  6 kobolds
  5 quokkas
  8 ball pythons
  4 bats
  3 frilled lizards
  A goblin skeleton (D:3)
  A jackal skeleton (D:3)
  3 rats
71 creatures vanquished.

Notes
Turn   | Place    | Note
-------+----------+-------------------------------------------
     0 | D:1      | Crownlay the Octopode Transmuter began the quest for the
                  | Orb.
     0 | D:1      | Reached XP level 1. HP: 13/13 MP: 3/3
   122 | D:1      | Found Xuuskudd's Distillery.
   277 | D:1      | Reached skill level 1 in Poison Magic
   277 | D:1      | Reached XP level 2. HP: 12/18 MP: 3/5
  1187 | D:2      | Reached XP level 3. HP: 23/23 MP: 6/6
  1499 | D:2      | Got Sif Muna's Reference Book on Flamy Clay
  1504 | D:2      | Learned a level 3 spell: Spider Form
  1848 | D:2      | Found a faded altar of an unknown god.
  2389 | D:3      | Reached XP level 4. HP: 28/28 MP: 7/7
  2474 | D:3      | Found a hide-covered altar of Uskayaw.
  2507 | D:3      | Found a sparkling altar of Nemelex Xobeh.
  2721 | D:3      | Found a runed translucent door.
  2722 | D:3      | Noticed a human
  2726 | D:3      | Found a basalt altar of Yredelemnul.
  3319 | D:4      | Reached XP level 5. HP: 31/33 MP: 8/8
  3358 | D:4      | Found a glowing silver altar of Zin.
  3358 | D:4      | Found a white marble altar of Elyvilon.
  3358 | D:4      | Found a glowing golden altar of the Shining One.
  3610 | D:4      | Noticed a black bear
  3614 | D:4      | Killed a black bear
  3871 | D:5      | Entered Level 5 of the Dungeon
  3964 | D:5      | Noticed an ice beast
  3973 | D:5      | Slain by an ice beast

Illustrated notes

Levels and vault maps discovered:
D:1:      psy_arrival_dodecagon, layout_loops_ring, serial_shops, shop,
          minivault_27
D:2:      layout_loops_ring, hellmonk_ecumenical_altar_blasted
D:3:      minmay_diamond_boxcup, layout_basic, amethyst_overflow_temple_binary,
          dk_yredelemnul_ordeal
D:4:      layout_loops_cross, good_gods_mini_temple, minmay_misc_feat_rows
D:5:      layout_basic, kennysheep_cross_room, uniq_eustachio

Skill      XL: |  1  2  3  4  5 |
---------------+----------------+-----
Poison Magic   | 1 2 3 |  3.6
Transmutations | 3 |  3.7
Fighting       | 2 |  2.0
Dodging        | |  2.0
Unarmed Combat | |  3.0
Spellcasting   | |  2.8
Earth Magic    | |  0.9

Action                   |  1- 3 |  4- 6 || total
-------------------------+-------+-------++-------
Melee: Unarmed           |    12 |       ||    12
       Constrict         |    13 |     9 ||    22
       Tentacles         |    13 |    12 ||    25
       Kick              |     2 |       ||     2
       Trident           |    65 |    69 ||   134
       Punch             |     1 |     1 ||     2
Throw: Boomerang         |       |     5 ||     5
 Cast: Beastly Appendage |     5 |       ||     5
 Stab: Sleeping          |    15 |    12 ||    27
       Distracted        |       |     1 ||     1
Armor: Skin              |     6 |     4 ||    10
Dodge: Dodged            |    28 |    38 ||    66

Table legend: (Time is in decaauts)
 A = Elapsed time spent in this place.
 B = Non-inter-level travel time spent in this place.
 C = Inter-level travel time spent in this place.
 D = Time resting spent in this place.
 E = Time spent auto-exploring this place.
 F = Levels seen in this place.
 G = Mean time per level.
                   A        B        C        D        E       F      G
               +--------+--------+--------+--------+--------+-----+--------+
         Total |   4012 |   3923 |     89 |      0 |   3442 |   5 |  802.4 |
       Dungeon |   4012 |   3923 |     89 |      0 |   3442 |   5 |  802.4 |
               +--------+--------+--------+--------+--------+-----+--------+

Top non-repeatable levels by time:
     D:3: 1179 daAuts
     D:1: 1172 daAuts
     D:2: 926 daAuts
     D:4: 629 daAuts
     D:5: 104 daAuts
